 Dungeon Crawl Stone Soup version 0.14.0-17-gc0b17a5 (webtiles) character file.

514 MDvedh the Archer (level 6, -2/47 HPs)
             Began as a Centaur Hunter on Apr 18, 2014.
             Slain by an iguana (7 damage)
             ... on Level 4 of the Dungeon.
             The game lasted 00:06:57 (4122 turns).

MDvedh the Archer (Centaur Hunter)                  Turns: 4122, Time: 00:06:57

HP  -2/47        AC 10     Str 17      XL: 6   Next: 41%
MP   5/5         EV  6     Int 10      God:
Gold 146         SH  0     Dex  9      Spells:  0 memorised,  5 levels left

rFire  . . .     SeeInvis .     a - +0 short sword
rCold  . . .     Clarity  .     q - +2 scale mail {rPois}
rNeg   . . .     Conserve +     (no shield)
rPois  +         rCorr    +     u - +0 helmet
rElec  .         rRot     .     v - +0 cloak {rCorr, Cons}
SustAb . .       Spirit   .     (no gloves)
rMut   .         Warding  .     (no barding)
Saprov . . .     Stasis   .     (no amulet)
MR     .....                    (no ring)
                                (no ring)

@: very quick, not resistant to hostile enchantments, extremely unstealthy
A: hooves 3, deformed body, herbivore 1, speed 2, fast metabolism 1, tough skin
3
a: no special abilities


You were on level 4 of the Dungeon.
You were not hungry.

You visited 1 branch of the dungeon, and saw 4 of its levels.

You collected 146 gold pieces.

Inventory:

Hand weapons
 a - a +0,+0 short sword (weapon)
 b - a +1,+1 bow
 p - a +0,+1 flail of distortion
Armour
 d - a +0 leather armour
 q - a +2 scale mail of poison resistance (worn)
 u - a +0 helmet (worn)
 v - a +0 cloak of preservation (worn)
Comestibles
 f - 4 bread rations
 j - a meat ration
 k - 2 pears
 t - a rambutan
 z - 10 grapes
Scrolls
 e - a scroll of immolation {unknown}
 h - 4 scrolls of teleportation {unknown}
 i - 2 scrolls of remove curse {unknown}
 m - 2 scrolls of fog {unknown}
 n - a scroll of noise {unknown}
 r - 3 scrolls of identify {unknown}
 s - a scroll of fear {unknown}
 y - a scroll of blinking {unknown}
 A - a scroll of magic mapping {unknown}
Potions
 g - a potion of confusion {unknown}
 l - a potion of curing {unknown}
 o - a potion of degeneration {unknown}
 w - a potion of poison {unknown}
 x - a potion of brilliance {unknown}
 B - a potion of magic {unknown}


   Skills:
 - Level 1.0 Fighting
 - Level 2.3 Maces & Flails
 - Level 8.1 Bows
 - Level 1.3 Dodging
 - Level 0.5 Stealth
 + Level 3.3 Unarmed Combat


You had 5 spell levels left.
You didn't know any spells.

Dungeon Overview and Level Annotations

Branches:
Dungeon (4/15)
 Temple: D:4-7

Altars:


Innate Abilities, Weirdness & Mutations

You have hooves in place of feet.
Armour fits poorly on your strangely shaped body.
You digest meat inefficiently.
You cover ground very quickly.
You have a fast metabolism.
You have extremely tough skin (AC +3).


Message History

The iguana is heavily wounded.
The iguana bites you but does no damage.
You hit the iguana. Your kick misses the iguana.
The iguana is almost dead.
The iguana bites you!
* * * LOW HITPOINT WARNING * * *
You closely miss the iguana. Your kick misses the iguana.
The iguana is almost dead.
The iguana bites you but does no damage.
You hit the iguana but do no damage. Your kick misses the iguana.
The iguana is almost dead.
The iguana barely misses you.
Your scale mail prevents you from hitting the iguana.
The iguana is almost dead.
The iguana bites you.
* * * LOW HITPOINT WARNING * * *
You hit the iguana but do no damage.
The iguana is almost dead.
The iguana bites you!
You die...

##### #...#
#####.#.#
#.(.....# >
#.###.### #.#
#)# #.# ..#
#.# #o# # #.#
#)# #.# #. #.#
#@# #.#
####.##.# #l#
#.#
........###.#
#.#
............#
#.#
..........####
#.# ####.##.##
#o# ...#.# #.#
. ###..#.# #.#
.. ..#.##.#
#.#


You could see an iguana.

Vanquished Creatures
  An orc warrior (D:4)
  A giant frog (D:3)
  Crazy Yiuf (D:2)
  2 orc priests (D:4)
  Natasha (D:3)
  Terence (D:2)
  A worm (D:2)
  6 orcs
  3 giant cockroaches
  11 goblins
  9 hobgoblins
  15 jackals
  10 kobolds
  A ball python (D:1)
  2 bats
  2 giant newts
  8 rats
75 creatures vanquished.

Vanquished Creatures (others)
  A goblin (D:2)
1 creature vanquished.

Grand Total: 76 creatures vanquished

Notes
Turn   | Place    | Note
--------------------------------------------------------------
     0 | D:1      | MDvedh, the Centaur Hunter, began the quest for the Orb.
     0 | D:1      | Reached XP level 1. HP: 16/16 MP: 1/1
   363 | D:1      | Reached XP level 2. HP: 23/23 MP: 2/2
   414 | D:1      | Reached skill level 6 in Bows
  1279 | D:2      | Reached XP level 3. HP: 24/28 MP: 3/3
  1336 | D:2      | Noticed Terence
  1343 | D:2      | Killed Terence
  1463 | D:2      | Reached skill level 7 in Bows
  1664 | D:2      | Noticed Crazy Yiuf
  1713 | D:2      | Killed Crazy Yiuf
  1713 | D:2      | Reached XP level 4. HP: 35/35 MP: 3/3
  1752 | D:2      | Identified a +0 cloak of preservation (You took it off Crazy Yiuf on level 2 of the Dungeon)
  2276 | D:3      | Noticed a giant frog
  2281 | D:3      | Killed a giant frog
  2281 | D:3      | Reached XP level 5. HP: 35/40 MP: 4/4
  3019 | D:3      | Noticed Natasha
  3035 | D:3      | Killed Natasha
  3035 | D:3      | Reached skill level 8 in Bows
  3409 | D:4      | Reached skill level 1 in Unarmed Combat
  3872 | D:4      | Noticed an orc warrior
  3917 | D:4      | Killed an orc warrior
  3917 | D:4      | Reached XP level 6. HP: 37/47 MP: 5/5
  4122 | D:4      | Slain by an iguana

Action                   |  1- 3 |  4- 6 || total
-------------------------+-------+-------++-------
Melee: Unarmed           |    23 |    50 ||    73
       Short sword       |    54 |    34 ||    88
       Flail             |       |    41 ||    41
       Bow               |       |     1 ||     1
 Fire: Bow               |    31 |    33 ||    64
